| TOP OF THE 1ST |
|
Northwest Arkansas Naturals batting - Pitching for Bowie Baysox : LHP Luis Perez
|
|
Pitching: LHP Luis Perez
|
|
|
Batting: SHB Ryoji Hiraoka
|
0-0: Ball 1-0: Foul Ball, location: 2F 1-1: Ball 2-1: Ground out 6-3 (Groundball, 6, EV 92.5 MPH)
|
|
Batting: RHB Kazuki Arai
|
0-0: Foul Ball, location: 2F 0-1: Called Strike 0-2: Strikes out swinging
|
|
Batting: RHB Alex Cid
|
0-0: Ground out 6-3 (Groundball, 6, EV 89.4 MPH)
|
| Top of the 1st over - 0 runs, 0 hits, 0 errors, 0 left on base; Northwest Arkansas 0 - Bowie 0 |
| BOTTOM OF THE 1ST |
|
Bowie Baysox batting - Pitching for Northwest Arkansas Naturals : LHP Walter Whiteman
|
|
Pitching: LHP Walter Whiteman
|
|
|
Batting: LHB Eric Jackson
|
0-0: Ball 1-0: Foul Ball, location: 2F 1-1: Ball 2-1: Foul Ball, location: 2F 2-2: Strikes out looking
|
|
Batting: RHB Mike Pitts
|
0-0: Swinging Strike 0-1: Ball 1-1: Ball 2-1: Foul Ball, location: 2F 2-2: Ball 3-2: SINGLE (Groundball, 4MD, EV 101.2 MPH)
|
|
Batting: RHB Jeremy Sipe
|
0-0: SINGLE (Groundball, 6MD, EV 102.5 MPH) Mike Pitts to second
|
|
Batting: RHB Edwin Ramos
|
0-0: Ball 1-0: Ball 2-0: 3-RUN HOME RUN (Line Drive, 78XD, EV 112.5 MPH), Distance : 440 ft
|
|
Batting: LHB Justin Moore
|
0-0: Ball 1-0: Ball 2-0: Called Strike 2-1: Ball 3-1: Foul Ball, location: 2F 3-2: Strikes out swinging
|
|
Batting: RHB Ray Sims
|
0-0: Ball 1-0: Ball 2-0: Ball 3-0: Called Strike 3-1: Base on Balls
|
|
Batting: RHB Ken Jenkins
|
0-0: Ball 1-0: Fly out, F6 (Line Drive, 6, EV 72.5 MPH)
|
| Bottom of the 1st over - 3 runs, 3 hits, 0 errors, 1 left on base; Northwest Arkansas 0 - Bowie 3 |
| TOP OF THE 2ND |
|
Northwest Arkansas Naturals batting - Pitching for Bowie Baysox : LHP Luis Perez
|
|
Batting: RHB Andy Urquhart
|
0-0: Ball 1-0: Called Strike 1-1: TRIPLE (Line Drive, 78XD, EV 105.6 MPH)
|
|
Batting: RHB Edwin Ramos
|
0-0: Ball 1-0: Ball 2-0: Foul Ball, location: 2F 2-1: Ball 3-1: Ground out 5-3 (Groundball, 5S, EV 85.0 MPH)
|
|
Batting: LHB Joe Cozart
|
0-0: Ground out 5-3 (Groundball, 56S, EV 85.0 MPH)
|
|
Batting: RHB Kevin Allen
|
0-0: Called Strike 0-1: Ball 1-1: Ball 2-1: Foul Ball, location: 2F 2-2: Ball 3-2: SINGLE (Line Drive, 9S, EV 110.6 MPH) Andy Urquhart scores
|
|
Batting: RHB Eric Erickson
|
0-0: Ball 1-0: Ball 2-0: Ball 3-0: Base on Balls Kevin Allen to second
|
|
Batting: SHB Danny Ballenger
|
0-0: Foul Ball, location: 2F 0-1: Ball 1-1: Ground out U3 (Groundball, 34, EV 91.2 MPH)
|
| Top of the 2nd over - 1 run, 2 hits, 0 errors, 2 left on base; Northwest Arkansas 1 - Bowie 3 |
| BOTTOM OF THE 2ND |
|
Bowie Baysox batting - Pitching for Northwest Arkansas Naturals : LHP Walter Whiteman
|
|
Batting: RHB Antonio Gamez
|
0-0: Ball 1-0: Called Strike 1-1: Called Strike 1-2: SINGLE (Groundball, 6MD, EV 99.4 MPH)
|
|
Batting: RHB Lee Deason
|
0-0: Foul Ball, location: 2F 0-1: Ball 1-1: Grounds into double play, 4-6-3 (Groundball, 4, EV 87.5 MPH)
|
|
Pitching: RHP Justin Potts
|
|
|
Batting: LHB Eric Jackson
|
0-0: Ball 1-0: Ball 2-0: Called Strike 2-1: Ground out 1-3 (Groundball, 13S, EV 68.1 MPH)
|
| Bottom of the 2nd over - 0 runs, 1 hit, 0 errors, 0 left on base; Northwest Arkansas 1 - Bowie 3 |
| TOP OF THE 3RD |
|
Northwest Arkansas Naturals batting - Pitching for Bowie Baysox : LHP Luis Perez
|
|
Batting: SHB Ryoji Hiraoka
|
0-0: Foul Ball, location: 2F 0-1: Ball 1-1: Foul Ball, location: 2F 1-2: Strikes out looking
|
|
Batting: RHB Kazuki Arai
|
0-0: Foul Ball, location: 2F 0-1: Ground out 6-3 (Groundball, 6, EV 77.5 MPH)
|
|
Batting: RHB Alex Cid
|
0-0: Called Strike 0-1: Ball 1-1: Called Strike 1-2: Ball 2-2: Ball 3-2: Base on Balls
|
|
Batting: RHB Andy Urquhart
|
0-0: Called Strike 0-1: Ball 1-1: Foul Ball, location: 2F 1-2: Ball 2-2: Fielders Choice at 2nd, 5-4 (Groundball, 56, EV 94.4 MPH)
|
| Top of the 3rd over - 0 runs, 0 hits, 0 errors, 1 left on base; Northwest Arkansas 1 - Bowie 3 |
| BOTTOM OF THE 3RD |
|
Bowie Baysox batting - Pitching for Northwest Arkansas Naturals : RHP Justin Potts
|
|
Batting: RHB Mike Pitts
|
0-0: Ball 1-0: Ball 2-0: Ball 3-0: Base on Balls
|
|
Batting: RHB Jeremy Sipe
|
0-0: Ball 1-0: Fielders Choice at 2nd, 5-4 (Groundball, 56, EV 89.4 MPH)
|
|
Batting: RHB Edwin Ramos
|
0-0: Ball Jeremy Sipe is caught stealing 2nd base 2-4 1-0: Ground out U3 (Groundball, 3, EV 80.6 MPH)
|
| Bottom of the 3rd over - 0 runs, 0 hits, 0 errors, 0 left on base; Northwest Arkansas 1 - Bowie 3 |
| TOP OF THE 4TH |
|
Northwest Arkansas Naturals batting - Pitching for Bowie Baysox : LHP Luis Perez
|
|
Batting: RHB Edwin Ramos
|
0-0: Foul Ball, location: 2F 0-1: Foul Ball, location: 2F 0-2: Strikes out swinging
|
|
DELAY
|
Rain delay of 46 minutes in the 4th inning.
|
|
Batting: LHB Joe Cozart
|
0-0: Ball 1-0: Called Strike 1-1: Ball 2-1: Ball 3-1: Foul Ball, location: 2F 3-2: Strikes out swinging
|
|
Batting: RHB Kevin Allen
|
0-0: Called Strike 0-1: SINGLE (Flyball, 7S, EV 90.0 MPH)
|
|
Batting: RHB Eric Erickson
|
0-0: Ball 1-0: SINGLE (Groundball, 6D, EV 103.8 MPH) Kevin Allen to second
|
|
Batting: SHB Danny Ballenger
|
0-0: Called Strike 0-1: Swinging Strike 0-2: Ball 1-2: Ball 2-2: Foul Ball, location: 2F 2-2: SINGLE (Groundball, 6D, EV 107.5 MPH) Kevin Allen to third Eric Erickson to second Runner from 3rd tries for Home, SAFE, throw by LF to home
|
|
Batting: SHB Ryoji Hiraoka
|
0-0: Fly out, F9 (Flyball, 9, EV 84.4 MPH)
|
| Top of the 4th over - 1 run, 3 hits, 0 errors, 2 left on base; Northwest Arkansas 2 - Bowie 3 |
| BOTTOM OF THE 4TH |
|
Bowie Baysox batting - Pitching for Northwest Arkansas Naturals : RHP Justin Potts
|
|
Batting: LHB Justin Moore
|
0-0: Ball 1-0: Swinging Strike 1-1: Ground out 4-3 (Groundball, 34D, EV 85.0 MPH)
|
|
Batting: RHB Ray Sims
|
0-0: Ball 1-0: Swinging Strike 1-1: Ball 2-1: Ball 3-1: Base on Balls
|
|
Pitching: RHP Junsuke Abe
|
|
|
Batting: RHB Ken Jenkins
|
0-0: Ball 1-0: Fielders Choice at 2nd, 4-6 (Groundball, 4M, EV 85.0 MPH)
|
|
Batting: RHB Antonio Gamez
|
0-0: Ball 1-0: Ball 2-0: DOUBLE (Groundball, 5L, EV 106.2 MPH) Ken Jenkins to third Runner from 3rd tries for Home, SAFE, throw by LF to trailing runner, SAFE at third!
|
|
Batting: RHB Lee Deason
|
0-0: Ball 1-0: Ball 2-0: Called Strike 2-1: Swinging Strike 2-2: Ground out 1-3 (Groundball, 13S, EV 69.4 MPH)
|
| Bottom of the 4th over - 1 run, 1 hit, 0 errors, 1 left on base; Northwest Arkansas 2 - Bowie 4 |
| TOP OF THE 5TH |
|
Northwest Arkansas Naturals batting - Pitching for Bowie Baysox : LHP Luis Perez
|
|
Batting: RHB Kazuki Arai
|
0-0: Called Strike 0-1: Reached on error, E5 (Groundball, 56S, EV 83.1 MPH)
|
|
Batting: RHB Alex Cid
|
0-0: Called Strike 0-1: SINGLE (Groundball, 56D, EV 100.0 MPH) Kazuki Arai to second
|
|
Batting: RHB Andy Urquhart
|
0-0: Ball 1-0: Foul Ball, location: 2F 1-1: Ball 2-1: Swinging Strike 2-2: Strikes out swinging
|
|
Batting: RHB Edwin Ramos
|
0-0: Ball 1-0: Ball 2-0: Fly out, F9 (Flyball, 9D, EV 90.6 MPH) Runner from 2nd tags up, SAFE at 3rd, no throw by RF
|
|
Batting: LHB Joe Cozart
|
0-0: Ball 1-0: Foul Ball, location: 2F 1-1: Foul Ball, location: 2F 1-2: Strikes out swinging
|
| Top of the 5th over - 0 runs, 1 hit, 1 error, 2 left on base; Northwest Arkansas 2 - Bowie 4 |
| BOTTOM OF THE 5TH |
|
Bowie Baysox batting - Pitching for Northwest Arkansas Naturals : RHP Junsuke Abe
|
|
Batting: LHB Eric Jackson
|
0-0: Ball 1-0: Foul Ball, location: 2F 1-1: Ball 2-1: SINGLE (Groundball, 56D, EV 109.4 MPH)
|
|
Batting: RHB Mike Pitts
|
0-0: Called Strike Eric Jackson steals 2nd base 0-1: Called Strike Eric Jackson steals 3rd base 0-2: Ball 1-2: Strikes out swinging
|
|
Pitching: RHP Brian Straub
|
|
|
Batting: RHB Jeremy Sipe
|
0-0: Swinging Strike 0-1: Foul Ball, location: 2F 0-2: Strikes out swinging
|
|
Batting: RHB Edwin Ramos
|
0-0: Called Strike 0-1: Ball 1-1: Ball 2-1: Called Strike 2-2: Strikes out swinging
|
| Bottom of the 5th over - 0 runs, 1 hit, 0 errors, 1 left on base; Northwest Arkansas 2 - Bowie 4 |
| TOP OF THE 6TH |
|
Northwest Arkansas Naturals batting - Pitching for Bowie Baysox : LHP Luis Perez
|
|
Batting: RHB Kevin Allen
|
0-0: Ball 1-0: Ball 2-0: Ground out 6-3 (Groundball, 6S, EV 67.5 MPH)
|
|
Batting: RHB Eric Erickson
|
0-0: Called Strike 0-1: Ball 1-1: Called Strike 1-2: Strikes out swinging
|
|
Batting: SHB Danny Ballenger
|
0-0: Called Strike 0-1: Ball 1-1: Swinging Strike 1-2: Strikes out swinging
|
| Top of the 6th over - 0 runs, 0 hits, 0 errors, 0 left on base; Northwest Arkansas 2 - Bowie 4 |
| BOTTOM OF THE 6TH |
|
Bowie Baysox batting - Pitching for Northwest Arkansas Naturals : RHP Brian Straub
|
|
Batting: LHB Justin Moore
|
0-0: Foul Ball, location: 2F 0-1: Ball 1-1: Ball 2-1: Foul Ball, location: 2F 2-2: SINGLE (Groundball, 56D, EV 102.5 MPH)
|
|
Batting: RHB Ray Sims
|
0-0: Called Strike 0-1: Foul Ball, location: 2F 0-2: Ball 1-2: SINGLE (Line Drive, 78S, EV 103.8 MPH) Justin Moore to second
|
|
Batting: RHB Ken Jenkins
|
0-0: SINGLE (Groundball, 34D, EV 110.6 MPH) Justin Moore to third Ray Sims to second
|
|
Pitching: RHP Philip Terrell
|
|
|
Batting: RHB Antonio Gamez
|
0-0: Called Strike 0-1: Ball 1-1: Swinging Strike 1-2: Foul Ball, location: 2F 1-2: DOUBLE (Flyball, 8LXD, EV 106.2 MPH) Justin Moore scores Ray Sims scores Ken Jenkins to third
|
|
Batting: RHB Lee Deason
|
0-0: Foul Ball, location: 2F 0-1: Ball 1-1: Ball 2-1: Ball 3-1: Ground out 5-3 (Groundball, 56, EV 88.8 MPH) Ken Jenkins scores
|
|
Batting: LHB Eric Jackson
|
0-0: Foul Ball, location: 2F 0-1: Ball 1-1: Swinging Strike 1-2: Ball 2-2: Strikes out swinging
|
|
Batting: RHB Mike Pitts
|
0-0: Ball Passed Ball! Antonio Gamez to third 1-0: Ball 2-0: SINGLE (Groundball, 56D, EV 109.4 MPH) Antonio Gamez scores
|
|
Pitching: RHP Matthew Orphan
|
|
|
Batting: RHB Jeremy Sipe
|
0-0: Foul Ball, location: 2F 0-1: Swinging Strike 0-2: Ball 1-2: Fielders Choice at 2nd, U4 (Groundball, 4M, EV 98.1 MPH)
|
| Bottom of the 6th over - 4 runs, 5 hits, 0 errors, 1 left on base; Northwest Arkansas 2 - Bowie 8 |
| TOP OF THE 7TH |
|
Northwest Arkansas Naturals batting - Pitching for Bowie Baysox : LHP Luis Perez
|
|
Batting: SHB Ryoji Hiraoka
|
0-0: Ball 1-0: Called Strike 1-1: Ball 2-1: Called Strike 2-2: Ball 3-2: Strikes out swinging
|
|
Batting: RHB Kazuki Arai
|
0-0: Foul Ball, location: 2F 0-1: Called Strike 0-2: Strikes out looking
|
|
Batting: RHB Alex Cid
|
0-0: Called Strike 0-1: Ball 1-1: Called Strike 1-2: Foul Ball, location: 2F 1-2: Ball 2-2: Foul Ball, location: 2F 2-2: SINGLE (Line Drive, 34D, EV 100.0 MPH)
|
|
Pitching: LHP John Dyer
|
|
|
Batting: RHB Andy Urquhart
|
0-0: Ball 1-0: Called Strike 1-1: Foul Ball, location: 2F 1-2: Ball 2-2: Ball 3-2: Strikes out looking
|
| Top of the 7th over - 0 runs, 1 hit, 0 errors, 1 left on base; Northwest Arkansas 2 - Bowie 8 |
| BOTTOM OF THE 7TH |
|
Bowie Baysox batting - Pitching for Northwest Arkansas Naturals : RHP Matthew Orphan
|
|
Batting: RHB Edwin Ramos
|
0-0: Called Strike 0-1: Ground out 5-3 (Groundball, 56, EV 85.0 MPH)
|
|
Batting: LHB Justin Moore
|
0-0: Called Strike 0-1: Ball 1-1: Called Strike 1-2: Foul Ball, location: 2F 1-2: Ground out 4-3 (Groundball, 4, EV 90.0 MPH)
|
|
Batting: RHB Ray Sims
|
0-0: Ball 1-0: Ball 2-0: Ball 3-0: Base on Balls
|
|
Batting: RHB Ken Jenkins
|
0-0: Ball 1-0: Called Strike Ray Sims steals 2nd, throwing error, E2 Ray Sims to third 1-1: Ball 2-1: Swinging Strike 2-2: Ground out 6-3 (Groundball, 6, EV 98.1 MPH)
|
| Bottom of the 7th over - 0 runs, 0 hits, 1 error, 1 left on base; Northwest Arkansas 2 - Bowie 8 |
| TOP OF THE 8TH |
|
Northwest Arkansas Naturals batting - Pitching for Bowie Baysox : LHP John Dyer
|
|
Batting: RHB Edwin Ramos
|
0-0: Called Strike 0-1: Hit by Pitch
|
|
Batting: LHB Joe Cozart
|
0-0: Called Strike 0-1: Called Strike 0-2: Ball 1-2: Strikes out swinging
|
|
Batting: RHB Kevin Allen
|
0-0: Called Strike 0-1: Called Strike 0-2: Fly out, F7 (Flyball, 7, EV 91.9 MPH)
|
|
Batting: RHB Eric Erickson
|
0-0: Ball 1-0: Fielders Choice at 2nd, 5-4 (Groundball, 56, EV 85.0 MPH)
|
| Top of the 8th over - 0 runs, 0 hits, 0 errors, 1 left on base; Northwest Arkansas 2 - Bowie 8 |
| BOTTOM OF THE 8TH |
|
Bowie Baysox batting - Pitching for Northwest Arkansas Naturals : RHP Matthew Orphan
|
|
Pitching: RHP Mike Tuck
|
|
|
Batting: RHB Antonio Gamez
|
0-0: Ball 1-0: Foul Ball, location: 2F 1-1: Ball 2-1: Foul Ball, location: 2F 2-2: Ground out 1-3 (Groundball, 13, EV 72.5 MPH)
|
|
Batting: RHB Lee Deason
|
0-0: Foul Ball, location: 2F 0-1: Ball 1-1: Foul Ball, location: 2F 1-2: Ball 2-2: SINGLE (Groundball, 6MD, EV 94.4 MPH)
|
|
Batting: LHB Eric Jackson
|
0-0: Swinging Strike 0-1: Ball 1-1: Ball 2-1: Foul Ball, location: 2F 2-2: Ball 3-2: Strikes out looking
|
|
Batting: RHB Mike Pitts
|
0-0: Foul Ball, location: 2F 0-1: Ball 1-1: Ball 2-1: Swinging Strike 2-2: Strikes out looking
|
| Bottom of the 8th over - 0 runs, 1 hit, 0 errors, 1 left on base; Northwest Arkansas 2 - Bowie 8 |
| TOP OF THE 9TH |
|
Northwest Arkansas Naturals batting - Pitching for Bowie Baysox : LHP John Dyer
|
|
Batting: SHB Danny Ballenger
|
0-0: Called Strike 0-1: Ball 1-1: Ball 2-1: Swinging Strike 2-2: Strikes out looking
|
|
Batting: SHB Ryoji Hiraoka
|
0-0: Swinging Strike 0-1: Ball 1-1: Foul Ball, location: 2F 1-2: Foul Ball, location: 2F 1-2: DOUBLE (Line Drive, 89D, EV 111.9 MPH)
|
|
Batting: RHB Kazuki Arai
|
0-0: Ball 1-0: Swinging Strike 1-1: Called Strike 1-2: Fly out, F7 (Line Drive, 7S, EV 106.9 MPH)
|
|
Batting: RHB Alex Cid
|
0-0: Ball 1-0: Ground out 4-3 (Groundball, 4, EV 108.8 MPH)
|
| Top of the 9th over - 0 runs, 1 hit, 0 errors, 1 left on base; Northwest Arkansas 2 - Bowie 8 |
|